 Dungeon Crawl Stone Soup version 0.23.2 (webtiles) character file.

Game seed: 3558077845619046306

18 Borgoz the Sneak (level 2, -2/25 HPs)
             Began as a Ghoul Assassin on Apr 5, 2019.
             Slain by Sigmund
             ... wielding a +0 scythe
              (14 damage)
             ... on level 2 of the Dungeon.
             The game lasted 00:01:30 (1079 turns).

Borgoz the Sneak (Ghoul Assassin)                   Turns: 1079, Time: 00:01:31

Health: -2/25      AC:  3    Str: 14    XL:     2   Next: 66%
Magic:  1/1        EV: 12    Int:  6    God:
Gold:   116        SH:  0    Dex: 10    Spells: 1/1 levels left

rFire    . . .     SeeInvis .   a - +2 dagger
rCold    + . .     Gourm    .   (no shield)
rNeg     + + +     Faith    .   c - +0 robe
rPois    ∞         Spirit   .   (no helmet)
rElec    .         Reflect  .   d - +0 cloak
rCorr    .         Harm     .   (no gloves)
MR       .....                  (no boots)
Stlth    +.........             (no amulet)
HPRegen  0.00/turn              (no ring)
MPRegen  0.07/turn              (no ring)

@: confused, rotting
A: rotting body, claws 1, carnivore, cold resistance 1, negative energy
resistance 3, inhibited regeneration, torment resistance, unbreathing
a: no special abilities


You were on level 2 of the Dungeon.
You were not hungry.

You visited 1 branch of the dungeon, and saw 2 of its levels.

You collected 116 gold pieces.

Inventory:

Hand Weapons
 a - a +2 dagger (weapon)
 b - a +0 blowgun
Missiles
 e - 16 poisoned needles
 f - 2 curare-tipped needles
Armour
 c - a +0 robe (worn)
 d - a +0 cloak (worn)
 p - a +0 plate armour
Scrolls
 h - a scroll of identify {unknown}
 k - a scroll of fear {unknown}
 l - a scroll of remove curse {unknown}
 o - a scroll of fog {unknown}
Potions
 i - a potion of resistance {unknown}
Comestibles
 g - 3 rations


   Skills:
 + Level 2.3 Fighting
 * Level 2.0 Short Blades
 - Level 1.7 Throwing
 * Level 1.0 Armour
 * Level 1.2 Dodging
 + Level 4.5 Stealth


You had one spell level left.
You didn't know any spells.
Your spell library was empty.

Dungeon Overview and Level Annotations

Branches:
Dungeon (2/15)

Altars:

Annotations:
D:2 Sigmund


Innate Abilities, Weirdness & Mutations

Your body is rotting away.
You thrive on raw meat.
You are immune to poison.
You have sharp fingernails.
You are carnivorous and can eat meat at any time.
Your flesh is cold resistant. (rC+)
You are immune to negative energy. (rN+++)
You do not regenerate when monsters are visible.
You are immune to unholy pain and torment.
You can survive without breathing.


Message History

You feel invigorated.
It was a potion of berserk rage.
You cannot raise a blood rage in your lifeless body.
Something completely misses you.
You hit the bush but do no damage.
You hear some strange, mumbled words.
You are more confused.
You hit the bush but do no damage. You closely miss something.
Something barely misses you.
You're too confused to move!
Something hits you!
You hit the bush but do no damage.
You feel less invigorated.
You hit something but do no damage. Something hits you.
You hear some strange, mumbled words.
You are more confused.
You hit the bush but do no damage. Something hits you but does no damage.
You hit the bush but do no damage. You hit the bush but do no damage.
Something hits you.
You hit the bush but do no damage. Something hits you!
Ouch! That really hurt!
You die...
P .. .PPPPPPP P P

..P.P.P#######
P.P%P.P.P.P......#
P...P.....P.####.#
P.PPPPPPP.P#.###<#
P.P...@{..P...)÷.#


PPPPPPP.PPP##.#### ..####<#$# #......# ... #.#.# #.###### ##. #.# ..# # #.# ###
#.# ..# ### There were no monsters in sight!

Vanquished Creatures
  A leopard gecko (D:1)
  3 bats
  6 goblins
  2 hobgoblins
  2 rats
14 creatures vanquished.

Notes
Turn   | Place    | Note
-------+----------+-------------------------------------------
     0 | D:1      | Borgoz the Ghoul Assassin began the quest for the Orb.
     0 | D:1      | Reached XP level 1. HP: 17/17 MP: 0/0
    30 | D:1      | Reached skill level 1 in Dodging
   131 | D:1      | Reached XP level 2. HP: 21/24 MP: 1/1
   825 | D:2      | Noticed Sigmund
   826 | D:2      | Reached skill level 1 in Armour
  1079 | D:2      | Slain by Sigmund

Skill      XL: |  1  2 |
---------------+-------+-----
Dodging        | 1 |  1.2
Short Blades   | 2 |  2.0
Armour         | 1 |  1.0
Fighting       | |  2.3
Throwing       | |  1.7
Stealth        | |  4.5

Action                   || total
-------------------------++-------
Melee: Dagger            ||    54
  Use: Potion            ||     2
 Stab: Sleeping          ||     2
  Eat: Chunk             ||     3
Armor: Robe              ||    10
Dodge: Dodged            ||    31
